 Dungeon Sprint DCSS version 0.28.0-47-ge53b351184 (webtiles) character file.

Game seed: 2690897907596821934

0 GigaChad the Shield-Bearer (level 1, -2/20 HPs)
             Began as a Minotaur Fighter on May 2, 2022.
             Was an Initiate of Yredelemnul.
             Slain by Sigmund
             ... wielding a +6 scythe of flaming
              (10 damage)
             ... in the Dungeon (Sprint VI: "Thunderdome").
             The game lasted 00:01:18 (148 turns).

GigaChad the Shield-Bearer (Minotaur Fighter)        Turns: 148, Time: 00:01:19

Health: -2/20      AC:  7    Str: 20    XL:     1   Next: 41%
Magic:  0/0        EV:  9    Int:  5    God:    Yredelemnul [......]
Gold:   0          SH:  4    Dex:  9    Spells: 0/0 levels left

rFire   . . .      SeeInvis .   a - +0 long sword
rCold   . . .      Faith    .   c - +0 buckler
rNeg    . . .      Spirit   .   b - +0 scale mail
rPois   .          Reflect  .   (helmet restricted)
rElec   .          Harm     .   (no cloak)
rCorr   .          Rampage  .   (no gloves)
Will    .....      NoTele   +   (no boots)
Stlth   ..........              (no amulet)
HPRegen 0.06/turn               (no ring)
MPRegen 0.07/turn               (no ring)

@: no status effects
A: horns 2, retaliatory headbutt
a: Renounce Religion, Recall Undead Harvest


You were in the Dungeon.
You worshipped Yredelemnul.
Yredelemnul was noncommittal.
You visited 1 branch

Inventory:

Hand Weapons
 a - a +0 long sword (weapon)
Armour
 b - a +0 scale mail (worn)
 c - a +0 buckler (worn)
Scrolls
 j - a scroll of blinking
Potions
 d - a potion of might
 e - a potion of curing
 f - a potion of heal wounds
 g - a potion of haste
 h - 2 potions of magic
 i - a potion of berserk rage


   Skills:
 + Level 3.9 Fighting
 + Level 2.8 Long Blades
 + Level 4.1 Armour
 + Level 4.3 Shields


You couldn't memorise any spells.
You didn't know any spells.
Your spell library was empty.

Dungeon Overview and Level Annotations

Branches:
Dungeon (1/1)

Altars:
Cheibriados
Dithmenos
Fedhas
Gozag
Kikubaaqudgha
Makhleb
Okawaru
Qazlal
Ru
Sif Muna
Trog
Uskayaw
Vehumet
Wu Jian
Xom
Yredelemnul
Zin
The Shining One
Beogh
Lugonu

Shops:
D *[??*?*:[((!!!!

Annotations:
D Sigmund


Innate Abilities, Weirdness & Mutations

You have a pair of horns on your head.
You reflexively headbutt those who attack you in melee.


Message History

You barely miss the hobgoblin.
The hobgoblin is lightly wounded.
The hobgoblin hits you.
You slash the hobgoblin!
You kill the hobgoblin!
Found Tionwoepoh's Staff Store.
Found Hidwej's Magic Scroll Shop.
Found a glowing golden altar of the Shining One and a radiant altar of Vehumet.
Found Estrat Poakk's Must-Have Magic and Xipunew's Magic Scroll Shop.
There is a spawn point here.
You see here a ball python corpse.
There is a basalt altar of Yredelemnul here.
You kneel at the altar of Yredelemnul.
Yredelemnul welcomes you!
You can now reap souls.
You can now recall your undead harvest.
There is an entrance to Icaxt's Premium Goods here.
There is a basalt altar of Yredelemnul here.
There is an entrance to Atattupt's Miscellaneous Merchandise here.
There is an entrance to Fukuig's Basic Armour here. 50...
There is an entrance to Icoymourgh's Weapon Rack here.
Sigmund the Dreaded comes into view.
He is wielding a +6 scythe of flaming.
There is an ancient bone altar of Kikubaaqudgha here.
Sigmund shouts!
Sigmund casts a spell at you. You resist with significant effort.
Sigmund hits you but does no damage.
You closely miss Sigmund. Your headbutt misses Sigmund.
Sigmund hits you with a +6 scythe of flaming!
Sigmund burns you.
You hit Sigmund. Your headbutt misses Sigmund.
Sigmund is moderately wounded.
Sigmund gestures at you while chanting. The puff of flame hits you.
You hit Sigmund.
Sigmund is moderately wounded.
Sigmund hits you with a +6 scythe of flaming!
Ouch! That really hurt!
You die...
Your body rises from the dead as a mindless zombie.

##∩........8.# #.8........∩###
.............###...).........##
..........###...###..........⌠#
..........# #.<.# #..........⌠#
..........###...###..........⌠#
.............###.............##
##∩........8.# #.8........∩###
##∩___......###......___∩##
######.8.....@@..8.######
#⌠..†........⌠# ###.........###
#_......._# #_......._#
#_........# #∩.......∩#
##∩.....∩## ##.....##


You could see Sigmund.

Vanquished Creatures
  A hobgoblin (D)
  A ball python (D)
  A ball python skeleton (D)
  A kobold (D)
4 creatures vanquished.

Notes
Turn   | Place    | Note
-------+----------+-------------------------------------------
     0 | D        | GigaChad the Minotaur Fighter began the quest for the Orb.
     0 | D        | Reached XP level 1. HP: 19/19 MP: 0/0
     1 | D        | Found a shadowy altar of Dithmenos.
     1 | D        | Found a blossoming altar of Fedhas.
     2 | D        | Found an opulent altar of Gozag.
     2 | D        | Found a shimmering altar of Xom.
     3 | D        | Found a burning altar of Makhleb.
     3 | D        | Found a stormy altar of Qazlal.
     4 | D        | Found Itauleit's Identification Station.
     4 | D        | Found an ornate altar of the Wu Jian Council.
     5 | D        | Found Zuryqys's Advanced Armour.
     5 | D        | Found Cafootijo's Jewellery.
     5 | D        | Round 1.
    11 | D        | Found a basalt altar of Yredelemnul.
    13 | D        | Found Icaxt's Premium Goods.
    15 | D        | Found a bloodstained altar of Trog.
    15 | D        | Found an ancient bone altar of Kikubaaqudgha.
    15 | D        | Found Icoymourgh's Weapon Rack.
    16 | D        | Found Atattupt's Miscellaneous Merchandise.
    16 | D        | Found Fukuig's Basic Armour.
    26 | D        | Found a shimmering blue altar of Sif Muna.
    28 | D        | Found a hide-covered altar of Uskayaw.
    30 | D        | Found a snail-covered altar of Cheibriados.
    32 | D        | Found Rel Otam's Do-It-Yourself Clinic.
    34 | D        | Found Heakanki's Bottled Wisdom.
    34 | D        | Found Wenuowam's Distillery.
    35 | D        | Found a glowing silver altar of Zin.
    35 | D        | Found an iron altar of Okawaru.
    35 | D        | Found Wyppum's Distillery.
    42 | D        | Found a sacrificial altar of Ru.
    46 | D        | Found a corrupted altar of Lugonu.
    73 | D        | Found Tionwoepoh's Staff Store.
    74 | D        | Found a glowing golden altar of the Shining One.
    74 | D        | Found a radiant altar of Vehumet.
    74 | D        | Found Hidwej's Magic Scroll Shop.
    75 | D        | Found Estrat Poakk's Must-Have Magic.
    75 | D        | Found Xipunew's Magic Scroll Shop.
   122 | D        | Became a worshipper of Yredelemnul the Dark
   139 | D        | Noticed Sigmund
   148 | D        | Slain by Sigmund

Illustrated notes

Levels and vault maps discovered:
D:        arena_sprint

Skill      XL: |  1 |
---------------+----+-----
Armour         | 4 |  4.1
Shields        | 4 |  4.3
Fighting       | |  3.9
Long Blades    | |  2.8

Action                   || total
-------------------------++-------
Melee: Long sword        ||    20
       Headbutt          ||     2
Armor: Scale mail        ||    11
Dodge: Dodged            ||     5
Block: Buckler           ||     6
